 Dungeon Crawl Stone Soup version 0.26.0-10-g1f06aea511 (webtiles) character file.

Game seed: 14342749829741696469

140 lastplaneout the Digger (level 5, -1/35 HPs)
             Began as a Human Earth Elementalist on Jan 13, 2021.
             Was a Believer of Sif Muna.
             Slain by an orc (3 damage)
             ... on level 2 of the Dungeon.
             The game lasted 00:11:07 (2714 turns).

lastplaneout the Digger (Human Earth Elementalist)  Turns: 2714, Time: 00:11:08

Health: -1/35      AC:  4    Str:  9    XL:     5   Next: 46%
Magic:  2/8        EV: 12    Int: 16    God:    Sif Muna [**....]
Gold:   103        SH:  0    Dex: 13    Spells: 4/8 levels left

rFire    . . .     SeeInvis .   (no weapon)
rCold    . . .     Faith    .   (no shield)
rNeg     . . .     Spirit   .   c - +0 robe
rPois    .         Reflect  .   a - +1 hat
rElec    .         Harm     .   d - +0 cloak
rCorr    .         Rampage  .   (no gloves)
Will     .....                  (no boots)
Stlth    ++........             (no amulet)
HPRegen  0.11/turn              (no ring)
MPRegen  0.11/turn              (no ring)

@: mighty
A: no striking features
a: Renounce Religion, Channel Magic


You were on level 2 of the Dungeon.
You worshipped Sif Muna.
Sif Muna was pleased with you.
You visited 1 branch of the dungeon, and saw 3 of its levels.

You collected 103 gold pieces.

Inventory:

Armour
 a - a +1 hat (worn)
 c - a +0 robe (worn)
 d - a +0 cloak (worn)
Scrolls
 b - a scroll of magic mapping
 h - 5 scrolls of remove curse
 j - 2 scrolls of blinking


   Skills:
 - Level 2.0 Dodging
 - Level 2.0 Stealth
 + Level 2.4 Spellcasting
 - Level 1.0 Transmutations
 + Level 5.5 Earth Magic


You had 4 spell levels left.
You knew the following spells:

 Your Spells              Type           Power        Failure   Level
a - Sandblast             Erth           38%          1%          1
b - Stone Arrow           Conj/Erth      20%          19%         3

Your spell library contained the following spells:

 Spells                   Type           Power        Failure   Level
 Passwall                 Tmut/Erth      10%          8%          2
 Petrify                  Tmut/Erth      12%          45%         4
 Lee's Rapid Deconstruct  Erth           9%           50%         5


Dungeon Overview and Level Annotations

Branches:
Dungeon (3/15)

Altars:
Gozag
Sif Muna
Yredelemnul
Zin


Message History

The orc barely misses you.
You hit the orc but do no damage.
The orc is moderately wounded.
The orc hits you.
* * * LOW HITPOINT WARNING * * *
You barely miss the orc.
The orc is moderately wounded.
The orc hits you.
* * * LOW HITPOINT WARNING * * *
It was a potion of might.
You feel very mighty all of a sudden. The orc hits you.
* * * LOW HITPOINT WARNING * * *
You hit the orc.
The orc is almost dead.
The orc misses you.
You barely miss the orc.
The orc is almost dead.
The orc hits you.
You die...

#.#######.#.######.......#
#...†.....................
#.#########.######.##.####
#.# #.# #.##.# #.# ####
######.#
#.##########8###8####.#
#.......##8...8.(.8##.#
#######.##)........##.#
#.#@........._#.#
####o........####
###8...8...8###
###8###8### ### ###


You could see an orc.

Vanquished Creatures
  Jessica (D:3)
  4 adders (D:2)
  An ooze (D:1)
  2 worms (D:2)
  A dart slug (D:1)
  2 leopard geckos
  An orc (D:2)
  A giant cockroach (D:2)
  4 goblins
  7 hobgoblins
  10 jackals
  A quokka (D:3)
  2 ball pythons (D:2)
  6 bats
  4 frilled lizards
  10 kobolds
  5 rats
  A spectral orc (D:2)
63 creatures vanquished.

Notes
Turn   | Place    | Note
-------+----------+-------------------------------------------
     0 | D:1      | lastplaneout the Human Earth Elementalist began the quest
                  | for the Orb.
     0 | D:1      | Reached XP level 1. HP: 13/13 MP: 3/3
    86 | D:1      | Reached XP level 2. HP: 19/19 MP: 0/5
   434 | D:1      | Reached skill level 4 in Earth Magic
   434 | D:1      | Reached XP level 3. HP: 19/24 MP: 2/6
   440 | D:1      | Learned a level 3 spell: Stone Arrow
   812 | D:2      | Found a glowing silver altar of Zin.
  1041 | D:2      | Found a faded altar of an unknown god.
  1051 | D:2      | Became a worshipper of Sif Muna the Loreminder
  1051 | D:2      | Reached * piety under Sif Muna
  1220 | D:2      | Reached XP level 4. HP: 26/30 MP: 3/7
  1623 | D:2      | Reached skill level 5 in Earth Magic
  1786 | D:2      | Found a basalt altar of Yredelemnul.
  2018 | D:2      | Reached ** piety under Sif Muna
  2279 | D:3      | Noticed Jessica
  2299 | D:2      | Reached XP level 5. HP: 34/35 MP: 5/8
  2336 | D:3      | Killed Jessica
  2597 | D:2      | Found an opulent altar of Gozag.
  2714 | D:2      | Slain by an orc

Illustrated notes

Levels and vault maps discovered:
D:1:      dpeg_arrival_refuge, layout_basic, minmay_misc_feat_nine_boxes
D:2:      layout_basic, yredelemnul_forgotten_temple_becter,
          nicolae_overflow_hidden_temple, chequers_ecumenical_altar_simple,
          serial_curves, eino_curves_04, eino_curves_02, lemuel_altar_in_water
D:3:      layout_basic, uniq_jessica

Skill      XL: |  1  2  3  4 |
---------------+-------------+-----
Earth Magic    | 4 5 |  5.5
Dodging        | |  2.0
Stealth        | |  2.0
Spellcasting   | |  2.4
Transmutations | |  1.0

Action                   |  1- 3 |  4- 6 || total
-------------------------+-------+-------++-------
Melee: Unarmed           |    53 |    51 ||   104
 Cast: Sandblast         |    35 |    47 ||    82
       Stone Arrow       |     4 |     1 ||     5
  Use: Scroll            |     4 |     2 ||     6
       Potion            |     1 |     1 ||     2
 Stab: Sleeping          |     1 |       ||     1
Armor: Robe              |    20 |    17 ||    37
Dodge: Dodged            |    49 |    67 ||   116
